 Dungeon Crawl Stone Soup version 0.18.1-48-g4cf74bf (webtiles) character file.

268 Alarkh the Shooter (level 6, -3/44 HPs)
             Began as a Mummy Hunter on Sept 4, 2016.
             Slain by an ogre
             ... wielding a +0 giant club
              (23 damage)
             ... on level 4 of the Dungeon.
             The game lasted 00:05:10 (4467 turns).

Alarkh the Shooter (Mummy Hunter)                   Turns: 4467, Time: 00:05:11

Health: -3/44      AC:  7    Str: 15      XL:     6   Next: 0%
Magic:  15/15      EV: 11    Int:  8 (12) God:
Gold:   136        SH:  0    Dex: 13      Spells: 0 memorised, 5 levels left

rFire  x . .     SeeInvis .     b - +0 short sword
rCold  + . .     Gourm    .     c - +0 leather armour
rNeg   + + +     Faith    .     (no shield)
rPois  ∞         Spirit   .     (no helmet)
rElec  .         Dismiss  .     (no cloak)
rCorr  .         Reflect  .     n - +0 pair of gloves
SustAt .         Harm     .     l - +2 pair of boots
MR     .....                    (no amulet)
Stlth  +.........               i - ring of magical power
                                (no ring)

@: not resistant to hostile enchantments, very unstealthy
A: no food or potions, fire vulnerability, cold resistance 1, negative energy
resistance 3, torment resistance, unbreathing
a: no special abilities


You were on level 4 of the Dungeon.
You were not hungry.

You visited 2 branches of the dungeon, and saw 5 of its levels.

You collected 136 gold pieces.

Inventory:

Hand Weapons
 a - a +1 shortbow
 b - a +0 short sword (weapon)
Armour
 c - a +0 leather armour (worn)
 l - a +2 pair of boots (worn)
 n - a +0 pair of gloves (worn)
Magical Staves
 m - an uncursed staff of wizardry
Jewellery
 i - a ring of magical power (right hand)
Scrolls
 e - a scroll of identify
 f - a scroll of enchant armour
 g - a scroll of teleportation
 h - a scroll of amnesia {unknown}
 j - a scroll of fear {unknown}
Books
 k - a book of Summonings

   Spells                             Type                      Level
   a - Recall                         Summoning/Translocation      3
   b - Aura of Abjuration             Summoning                    5
   c - Summon Demon                   Summoning                    5
   d - Summon Forest                  Summoning/Translocation      5
   e - Summon Mana Viper              Hexes/Summoning              5
   f - Shadow Creatures               Summoning                    6


   Skills:
 - Level 2.0 Fighting
 + Level 6.0 Bows
 - Level 1.5 Dodging
 - Level 0.7 Stealth


You had 5 spell levels left.
You didn't know any spells.

Dungeon Overview and Level Annotations

Branches:
Dungeon (4/15)             Temple (1/1) D:4

Altars:
Ashenzari
Dithmenos
Elyvilon
Gozag
Kikubaaqudgha
Makhleb
Nemelex Xobeh
Pakellas
Qazlal
Ru
Sif Muna
Trog
Vehumet
Xom
The Shining One

Annotations:
D:4 Grinder, Menkaure


Innate Abilities, Weirdness & Mutations

You do not eat or drink.
Your flesh is vulnerable to fire.
You are immune to poison.
Your flesh is cold resistant.
You are immune to negative energy.
You are immune to unholy pain and torment.
You can survive without breathing.


Message History

Firing (i - inventory):
d - 2 arrows (quivered)
Press: ? - help, Shift-Dir - straight line, f - ogre
Aim: an ogre, wielding a giant club You shoot an arrow.
The arrow hits the ogre.
The ogre is lightly wounded.
Firing (i - inventory):
d - an arrow (quivered)
Press: ? - help, Shift-Dir - straight line, f/p - ogre
Aim: an ogre, wielding a giant club (lightly wounded)
You shoot an arrow. The arrow hits the ogre.
The ogre is moderately wounded.
b - a +0 short sword (weapon)
The ogre hits you with a giant club!!
Ouch! That really hurt!
You hit the ogre.
The ogre is heavily wounded.
You hit the ogre.
The ogre is heavily wounded.
The ogre hits you with a giant club!!
Ouch! That really hurt!
You die...

#.# ..##..
..#####..##.#
#..MSZ<..##.# #
...####.###.# .#
#.## .# #.# #.#
..# ###.###.# #..
#.. ..hO.O..#
#####.#.#.## ..%..
.#
#.#####...........
##### ##
#..(hO@.###.#.#.##
#.####### #.. #.#
#.# #.# .# #.. #
###


You could see an ogre and a hound.

Vanquished Creatures
  A scorpion (D:4)
  A hound (D:4)
  A giant frog skeleton (D:4)
  2 gnolls (D:3)
  7 adders
  4 worms
  A dart slug (D:3)
  A giant gecko (D:2)
  6 orcs
  A ball python (D:2)
  3 bats
  4 giant cockroaches
  4 goblins
  8 hobgoblins
  2 jackals (D:1)
  4 kobolds
  3 quokkas
  6 giant newts
  5 rats
64 creatures vanquished.

Notes
Turn   | Place    | Note
--------------------------------------------------------------
     0 | D:1      | Alarkh the Mummy Hunter began the quest for the Orb.
     0 | D:1      | Reached XP level 1. HP: 16/16 MP: 1/1
   234 | D:1      | Reached XP level 2. HP: 21/22 MP: 2/2
   677 | D:2      | Reached skill level 4 in Bows
   678 | D:2      | Found a faded altar to an unknown god.
   684 | D:2      | Became a worshipper of Sif Muna the Loreminder
   684 | D:2      | Reached * piety under Sif Muna
   686 | D:2      | Fell from the grace of Sif Muna
   820 | D:2      | Reached XP level 3. HP: 23/27 MP: 3/3
  1219 | D:2      | Found an ancient bone altar of Kikubaaqudgha.
  1487 | D:2      | Reached XP level 4. HP: 23/33 MP: 4/4
  1957 | D:3      | Reached skill level 5 in Bows
  2199 | D:3      | Found a sacrificial altar of Ru.
  3062 | D:4      | Noticed Menkaure
  3373 | D:4      | Reached XP level 5. HP: 24/38 MP: 5/5
  3651 | D:4      | Reached skill level 6 in Bows
  3668 | D:4      | Noticed Grinder
  3670 | D:4      | Paralysed by Grinder for 7 turns
  3681 | D:4      | Found a staircase to the Ecumenical Temple.
  3693 | Temple   | Entered the Ecumenical Temple
  4298 | D:4      | Reached XP level 6. HP: 22/44 MP: 6/6
  4467 | D:4      | Slain by an ogre

Skill      XL: |  1  2  3  4  5 |
---------------+----------------+-----
Bows           | 4 5 6 |  6.0
Fighting       | |  2.0
Dodging        | |  1.5
Stealth        | |  0.7

Action                   |  1- 3 |  4- 6 || total
-------------------------+-------+-------++-------
Melee: Short sword       |    63 |   131 ||   194
 Fire: Shortbow          |    77 |    58 ||   135
Invok: Renounce Religion |     1 |       ||     1
  Use: Scroll            |     4 |     2 ||     6
 Stab: Sleeping          |       |     1 ||     1
Armor: Leather armour    |    25 |    45 ||    70
Dodge: Dodged            |    58 |   109 ||   167
